 Dungeon Crawl Stone Soup version 0.23-a0-183-gf37f6fb (webtiles) character file.

107 corax the Shield-Bearer (level 4, 0/41 HPs)
             Began as a Gnoll Fighter on Sept 22, 2018.
             Killed by nerve-wracking pain
             ... invoked by Grinder
              (11 damage)
             ... while paralysed by Grinder
             ... on level 3 of the Dungeon.
             The game lasted 00:05:25 (1760 turns).

corax the Shield-Bearer (Gnoll Fighter)             Turns: 1760, Time: 00:05:25

Health: 0/41       AC:  7    Str: 18    XL:     4   Next: 86%
Magic:  5/5        EV:  2    Int: 11    God:
Gold:   68         SH:  0    Dex: 15    Spells: 5/5 levels left

rFire    . . .     SeeInvis .   a - +0 long sword
rCold    . . .     Gourm    .   c - +0 shield
rNeg     . . .     Faith    .   b - +0 scale mail
rPois    .         Spirit   .   (no helmet)
rElec    .         Reflect  .   (no cloak)
rCorr    .         Harm     .   (no gloves)
MR       .....                  (no boots)
Stlth    ..........             (no amulet)
HPRegen  0.13/turn              (no ring)
MPRegen  0.09/turn              (no ring)

@: paralysed
A: distributed training, fangs 1, strong nose
a: no special abilities


You were on level 3 of the Dungeon.
You were not hungry.

You visited 1 branch of the dungeon, and saw 3 of its levels.

You collected 68 gold pieces.

Inventory:

Hand Weapons
 a - a +0 long sword (weapon)
Missiles
 e - 64 arrows
 l - 2 stones (quivered)
 n - 29 bolts
 p - 13 poisoned needles
Armour
 b - a +0 scale mail (worn)
 c - a +0 shield (worn)
Scrolls
 g - 2 scrolls of remove curse {unknown}
 h - 2 scrolls of teleportation {unknown}
 j - a scroll of fog {unknown}
 m - a scroll of random uselessness {unknown}
 o - 5 scrolls of identify {unknown}
 q - a scroll of blinking {unknown}
 s - a scroll of enchant weapon {unknown}
Potions
 d - a potion of might
 i - 3 potions of curing {unknown}
 k - 3 potions of mutation {unknown}
 r - a potion of brilliance {unknown}
 t - 2 potions of heal wounds {unknown}
Comestibles
 f - 6 rations


   Skills:
 + Level 6.6 Fighting
 + Level 1.2 Short Blades
 + Level 4.7 Long Blades
 + Level 1.2 Axes
 + Level 1.2 Maces & Flails
 + Level 1.2 Polearms
 + Level 1.2 Staves
 + Level 1.2 Slings
 + Level 1.2 Bows
 + Level 1.2 Crossbows
 + Level 1.2 Throwing
 + Level 6.6 Armour
 + Level 1.2 Dodging
 + Level 1.2 Stealth
 + Level 6.6 Shields
 + Level 1.2 Unarmed Combat
 + Level 1.2 Spellcasting
 + Level 1.0 Conjurations
 + Level 1.0 Hexes
 + Level 1.0 Charms
 + Level 1.0 Summonings
 + Level 1.0 Necromancy
 + Level 1.0 Translocations
 + Level 1.0 Transmutations
 + Level 1.0 Fire Magic
 + Level 1.0 Ice Magic
 + Level 1.0 Air Magic
 + Level 1.0 Earth Magic
 + Level 1.0 Poison Magic
 + Level 1.3 Invocations
 + Level 1.2 Evocations


You had 5 spell levels left.
You didn't know any spells.
Your spell library was empty.

Dungeon Overview and Level Annotations

Branches:
Dungeon (3/15)

Altars:

Annotations:
D:3 Grinder


Innate Abilities, Weirdness & Mutations

Your experience applies equally to all skills.
You have very sharp teeth.
Your uncanny sense of smell can sniff out nearby items.


Message History

You are too injured to fight recklessly!
You are too injured to fight recklessly!
You are too injured to fight recklessly!
You closely miss Grinder.
Grinder is heavily wounded.
Grinder hits you.
You closely miss Grinder.
Grinder is heavily wounded.
Grinder gestures at you.
You suddenly lose the ability to move!
Grinder hits you.
* * * LOW HITPOINT WARNING * * *
You writhe in agony.
* * * LOW HITPOINT WARNING * * *
Grinder says, "There's only one good use for a tongue: cutting it out."
Grinder gestures at you. You resist with significant effort.
Grinder gestures at you. Pain shoots through your body!
You die...

#.#
#......<.........#.....#.#
...
............###...#........
..........................
###................#.
#..#.##..#.###.....
#..#.##............
...........###.#...
................
#.....@.###.#..
......5......#
................
................
.#..#?.#######.. ....... .
....#.( .......


You could see Grinder.

Vanquished Creatures
  A jelly (D:3)
  An adder (D:2)
  An ooze (D:1)
  2 dart slugs (D:1)
  A leopard gecko (D:1)
  An orc (D:3)
  7 bats
  4 giant cockroaches
  9 goblins
  3 hobgoblins
  11 jackals (D:1)
  6 kobolds
  3 frilled lizards
  4 rats
54 creatures vanquished.

Notes
Turn   | Place    | Note
-------+----------+-------------------------------------------
     0 | D:1      | corax the Gnoll Fighter began the quest for the Orb.
     0 | D:1      | Reached XP level 1. HP: 23/23 MP: 1/1
    59 | D:1      | Reached XP level 2. HP: 29/29 MP: 2/2
   150 | D:1      | Reached XP level 3. HP: 32/35 MP: 3/3
   258 | D:1      | Reached skill level 1 in Invocations
   494 | D:1      | Reached skill level 1 in Short Blades
   494 | D:1      | Reached skill level 1 in Axes
   494 | D:1      | Reached skill level 1 in Maces & Flails
   494 | D:1      | Reached skill level 1 in Polearms
   494 | D:1      | Reached skill level 1 in Staves
   494 | D:1      | Reached skill level 1 in Slings
   494 | D:1      | Reached skill level 1 in Bows
   494 | D:1      | Reached skill level 1 in Crossbows
   494 | D:1      | Reached skill level 1 in Throwing
   494 | D:1      | Reached skill level 1 in Dodging
   494 | D:1      | Reached skill level 1 in Stealth
   494 | D:1      | Reached skill level 1 in Unarmed Combat
   494 | D:1      | Reached skill level 1 in Spellcasting
   494 | D:1      | Reached skill level 1 in Evocations
   745 | D:2      | Reached XP level 4. HP: 41/41 MP: 5/5
  1357 | D:3      | Reached skill level 1 in Conjurations
  1357 | D:3      | Reached skill level 1 in Hexes
  1357 | D:3      | Reached skill level 1 in Charms
  1357 | D:3      | Reached skill level 1 in Summonings
  1357 | D:3      | Reached skill level 1 in Necromancy
  1357 | D:3      | Reached skill level 1 in Translocations
  1357 | D:3      | Reached skill level 1 in Transmutations
  1357 | D:3      | Reached skill level 1 in Fire Magic
  1357 | D:3      | Reached skill level 1 in Ice Magic
  1357 | D:3      | Reached skill level 1 in Air Magic
  1357 | D:3      | Reached skill level 1 in Earth Magic
  1357 | D:3      | Reached skill level 1 in Poison Magic
  1742 | D:3      | Noticed Grinder
  1757 | D:3      | Paralysed by Grinder for 6 turns
  1760 | D:3      | Killed from afar by Grinder

Vault maps used:
D:1:      dpeg_arrival_rooms_a
D:2:      first_ration, serial_bayou_pond_e, dk_noncrumbling_4,
          kennysheep_generic_room_6
D:3:      okawaru_metal_pillars_1_2, uniq_grinder

Skill      XL: |  1  2  3  4 |
---------------+-------------+-----
Invocations    | 1 |  1.3
Short Blades   | 1 |  1.2
Axes           | 1 |  1.2
Maces & Flails | 1 |  1.2
Polearms       | 1 |  1.2
Staves         | 1 |  1.2
Slings         | 1 |  1.2
Bows           | 1 |  1.2
Crossbows      | 1 |  1.2
Throwing       | 1 |  1.2
Dodging        | 1 |  1.2
Stealth        | 1 |  1.2
Unarmed Combat | 1 |  1.2
Spellcasting   | 1 |  1.2
Evocations     | 1 |  1.2
Conjurations   | 1 |  1.0
Hexes          | 1 |  1.0
Charms         | 1 |  1.0
Summonings     | 1 |  1.0
Necromancy     | 1 |  1.0
Translocations | 1 |  1.0
Transmutations | 1 |  1.0
Fire Magic     | 1 |  1.0
Ice Magic      | 1 |  1.0
Air Magic      | 1 |  1.0
Earth Magic    | 1 |  1.0
Poison Magic   | 1 |  1.0
Fighting       | |  6.6
Long Blades    | |  4.7
Armour         | |  6.6
Shields        | |  6.6

Action                   |  1- 3 |  4- 6 || total
-------------------------+-------+-------++-------
Melee: Long sword        |   129 |    42 ||   171
       Bite              |    12 |     6 ||    18
  Eat: Ration            |       |     1 ||     1
Armor: Scale mail        |    51 |    16 ||    67
Dodge: Dodged            |    54 |     7 ||    61
Block: Shield            |    86 |    19 ||   105
       Rpst.: Long sword |    11 |     2 ||    13

Table legend:
 A = Non-vault XP
 B = Vault XP
 C = Vault XP percentage of total XP
 D = Non-vault monster count
 E = Vault monster count
 F = Vault count percentage of total count
                 A         B        C        D         E       F
            +---------+---------+-------+---------+---------+-------
      Total |     153 |       1 |   0.6 |      53 |       1 |   1.9
            +---------+---------+-------+---------+---------+-------
        D:1 |      76 |       0 |   0.0 |      39 |       0 |   0.0
        D:2 |      31 |       1 |   3.1 |      11 |       1 |   8.3
        D:3 |      46 |       0 |   0.0 |       3 |       0 |   0.0
            +---------+---------+-------+---------+---------+-------
